 Dungeon Crawl Stone Soup version 0.28.0 (webtiles) character file.

Game seed: 3386559217790923523

68 Sanktem7 the Covered (level 4, 0/40 HPs)
             Began as a Minotaur Fighter on Feb 9, 2022.
             Slain by an orc (3 damage)
             ... on level 3 of the Dungeon.
             The game lasted 00:02:12 (2590 turns).

Sanktem7 the Covered (Minotaur Fighter)             Turns: 2590, Time: 00:02:12

Health: 0/40       AC:  7    Str: 23    XL:     4   Next: 1%
Magic:  3/3        EV:  9    Int:  5    God:
Gold:   95         SH:  4    Dex:  9    Spells: 3/3 levels left

rFire   . . .      SeeInvis .   a - +0 long sword
rCold   . . .      Faith    .   c - +0 buckler
rNeg    . . .      Spirit   .   b - +0 scale mail
rPois   .          Reflect  .   (helmet restricted)
rElec   .          Harm     .   (no cloak)
rCorr   .          Rampage  .   (no gloves)
Will    .....                   (no boots)
Stlth   ..........              (no amulet)
HPRegen 0.13/turn               (no ring)
MPRegen 0.08/turn               (no ring)

@: no status effects
A: horns 2, retaliatory headbutt
a: no special abilities


You were on level 3 of the Dungeon.
You visited 1 branch of the dungeon, and saw 3 of its levels.

You collected 95 gold pieces.

Inventory:

Hand Weapons
 a - a +0 long sword (weapon)
Armour
 b - a +0 scale mail (worn)
 c - a +0 buckler (worn)
Jewellery
 h - an amulet of faith
Scrolls
 g - a scroll of fog {unknown}
 i - a scroll of identify {unknown}
 k - a scroll of teleportation {unknown}
 l - a scroll of amnesia {unknown}
 o - a scroll of vulnerability {unknown}
Potions
 d - a potion of might
 e - a potion of attraction {unknown}
 f - 2 potions of lignification {unknown}
 j - a potion of mutation {unknown}
 m - a potion of curing {unknown}
 n - a potion of heal wounds {unknown}


   Skills:
 * Level 4.1 Fighting
 * Level 3.5 Long Blades
 * Level 4.6 Armour
 + Level 0.4 Dodging
 + Level 3.8 Shields


You had 3 spell levels left.
You didn't know any spells.
Your spell library contained the following spells:

 Spells                   Type           Power      Damage    Failure   Level
 Magic Dart               Conj           0%         1d3       86%         1
 Call Imp                 Summ           0%         N/A       95%         2
 Mephitic Cloud           Conj/Pois/Air  0%         N/A       99%         3


Dungeon Overview and Level Annotations

Branches:
Dungeon (3/15)

Altars:


Innate Abilities, Weirdness & Mutations

You have a pair of horns on your head.
You reflexively headbutt those who attack you in melee.


Message History

You slash the orc!
You kill the orc!
You barely miss the orc. The orc barely misses you.
The orc hits you from afar with a +0 trident.
You hit the orc. Your headbutt misses the orc.
The orc is severely wounded.
The orc hits you but does no damage. x2; The orc closely misses you.
You furiously retaliate!
You headbutt the orc!
You kill the orc!
The orc barely misses you. You furiously retaliate!
You headbutt the orc. The orc hits you with a +0 trident.
Items here: ( )) [.
You barely miss the orc.
The orc is moderately wounded.
The orc closely misses you. You furiously retaliate!
You headbutt the orc!
You kill the orc!
The orc hits you with a +0 trident.
* * * LOW HITPOINT WARNING * * *
The orc misses you.
You have reached level 4!
You feel stronger.
The orc hits you from afar with a +0 trident.
* * * LOW HITPOINT WARNING * * *
You barely miss the orc priest.
The orc priest hits you but does no damage.
You block the orc's attack.
The orc priest hits you with a +0 hand axe.
* * * LOW HITPOINT WARNING * * *
You hit the orc priest.
The orc priest is heavily wounded.
You block the orc's attack.
The orc priest hits you but does no damage.
You hit the orc priest.
The orc priest is heavily wounded.
The orc hits you but does no damage.
The orc priest hits you but does no damage.
You hit the orc priest but do no damage.
The orc priest is heavily wounded.
The orc hits you from afar with a +0 trident.
You die...

#............
########........##
.......<.....####
.............########
.....................
.............########
.............##
##............##########
############.)o@.......
#.o#########
#...oo....##
#...≈...≈..#
#..........$
#..........⌠
#..........$
##..≈...≈..# #........##


You could see an orc priest and an orc.

Vanquished Creatures
  An adder (D:2)
  A worm (D:2)
  3 orcs (D:3)
  3 ball pythons
  8 bats
  4 endoplasms
  A giant cockroach (D:1)
  6 goblins
  6 hobgoblins
  4 jackals (D:1)
  3 kobolds
  3 quokkas (D:1)
  2 frilled lizards
  A rat (D:2)
46 creatures vanquished.

Notes
Turn   | Place    | Note
-------+----------+-------------------------------------------
     0 | D:1      | Sanktem7 the Minotaur Fighter began the quest for the Orb.
     0 | D:1      | Reached XP level 1. HP: 19/19 MP: 0/0
   148 | D:1      | Reached XP level 2. HP: 23/27 MP: 1/1
   989 | D:1      | Reached XP level 3. HP: 33/33 MP: 2/2
  2586 | D:3      | Reached XP level 4. HP: 10/40 MP: 3/3
  2590 | D:3      | Slain by an orc

Illustrated notes

Levels and vault maps discovered:
D:1:      dpeg_arrival_water_fire, layout_basic, kennysheep_small_spiral,
          chequers_jeans
D:2:      layout_basic, kennysheep_generic_room_8
D:3:      cheibrodos_pilgrimage, layout_basic, minmay_misc_feat_columns,
          chequers_serial_rivers_room_a

Skill      XL: |  1  2  3 |
---------------+----------+-----
Fighting       | 4 |  4.1
Armour         | 4 |  4.6
Long Blades    | 3 |  3.5
Dodging        | |  0.4
Shields        | |  3.8

Action                   |  1- 3 |  4- 6 || total
-------------------------+-------+-------++-------
Melee: Long sword        |    90 |     4 ||    94
       Headbutt          |     8 |       ||     8
Armor: Scale mail        |    46 |     4 ||    50
Dodge: Dodged            |    50 |       ||    50
Block: Buckler           |    28 |     2 ||    30
